Map: Gresvan LE

Players

SI 1 (Bardzo łatwa)

  • Race: Zerg Zerg
  • Spawn Location: 11:00

Alatreon - Winner!

  • Race: Terran Terran
  • Spawn Location: 5:00

VOD

Have the link to the VOD?

Description

Time

  • Played on: June 27, 2023, 4:51 a.m.
  • Length: 8:30
Show
View Real Time Build Order
Export as new Build Order

SI 1 (Bardzo łatwa) Zerg 

Build Orders: Pool First 

Get SALT Encoding   

  12  0:00  Drone  
  13  0:12  Overlord  
  13  0:16  Drone  
  14  0:34  Spawning Pool  
  13  0:37  Drone  
  13  0:41  Extractor  
  13  0:44  Drone  
  14  0:52  Overlord  
  14  1:21  Queen, Zergling x2  
  17  1:29  Roach Warren  
  17  1:31  Extractor  
  15  1:34  Drone  
  16  1:41  Drone  
  17  1:48  Zergling x2  
  18  2:01  Drone  
  19  2:08  Drone  
  21  2:15  Zergling x2  
  21  2:17  Drone  
  22  2:28  Overlord  
  22  2:32  Drone  
  23  2:39  Drone  
  23  2:43  Roach  
  26  2:50  Drone  
  27  4:20  Zergling x2  
  27  7:16  Drone  
  27  7:17  Lair  
  28  7:23  Drone  
  28  7:26  Hatchery  
  28  7:31  Drone  
  28  7:38  Drone, Zergling x2  
  26  7:45  Drone  
  26  7:51  Overlord  
  27  7:52  Drone  
  27  8:07  Zergling x2  
  27  8:10  Overlord  
  27  8:12  Overlord  
  24  8:15  Overseer  
Show
View Real Time Build Order
Export as new Build Order

Alatreon Terran - Winner!

Build Orders:  

Get SALT Encoding   

  12  0:00  SCV  
  13  0:12  SCV  
  14  0:17  Supply Depot  
  14  0:24  SCV  
  15  0:39  SCV  
  15  0:40  Barracks  
  16  0:44  Refinery  
  16  0:51  SCV  
  17  1:00  Barracks  
  17  1:03  SCV  
  18  1:15  SCV  
  19  1:28  Orbital Command  
  19  1:29  Reaper  
  20  1:33  Supply Depot  
  20  1:46  Reaper  
  21  1:54  SCV  
  22  2:06  Reaper  
  23  2:10  SCV  
  23  2:13  Command Center  
  24  2:19  Refinery  
  24  2:26  SCV  
  25  2:38  SCV  
  25  2:41  Factory  
  26  2:44  Marine x2  
  26  2:49  Supply Depot  
  26  2:50  SCV  
  29  3:02  SCV  
  30  3:12  Command Center  
  30  3:16  Barracks Reactor  
  30  3:18  SCV  
  31  3:26  Orbital Command  
  31  3:34  Starport  
  31  3:35  SCV  
  31  3:38  Barracks Tech Lab  
  32  3:41  Factory Tech Lab  
  32  3:47  SCV  
  33  3:51  SCV  
  33  3:55  Marine  
  34  3:56  Marine x2  
  34  3:59  SCV  
  34  4:01  Stimpack  
  38  4:03  SCV  
  39  4:16  Cloaking Field  
  39  4:18  Banshee  
  39  4:20  SCV  
  39  4:22  Marine x2  
  39  4:23  Marine  
  46  4:33  Orbital Command, Factory Reactor, SCV  
  46  4:34  SCV  
  48  4:40  Marine  
  48  4:43  Engineering Bay  
  50  4:45  SCV  
  50  4:46  SCV, Engineering Bay  
  50  4:51  Marine x2  
  53  4:57  SCV  
  54  5:00  Banshee  
  54  5:02  Refinery  
  54  5:03  Marine  
  58  5:07  Supply Depot  
  58  5:09  Orbital Command  
  58  5:16  Barracks  
  58  5:17  Barracks x2, Terran Infantry Weapons Level 1  
  58  5:21  Terran Infantry Armor Level 1, SCV  
  58  5:24  Marine  
  58  5:25  Marine  
  58  5:28  SCV  
  62  5:42  SCV  
  63  5:43  SCV  
  63  5:45  Marine  
  63  5:46  SCV  
  63  5:49  Siege Tank  
  69  5:52  Medivac  
  69  5:54  SCV  
  69  5:56  SCV  
  73  5:58  Refinery, SCV  
  73  6:01  Marine x2  
  73  6:03  Marine  
  77  6:04  Supply Depot  
  77  6:06  Supply Depot  
  77  6:10  Barracks Reactor  
  77  6:16  Barracks Reactor  
  77  6:26  Medivac, SCV x2, Marine  
  77  6:30  Siege Tank  
  77  6:32  Marine  
  85  6:34  Barracks Reactor  
  85  6:36  SCV  
  85  6:37  Refinery  
  85  6:39  Marine  
  88  6:44  Command Center, Marine  
  88  6:45  Medivac  
  91  6:50  Supply Depot x2  
  91  6:51  Supply Depot  
  91  6:52  SCV x2  
  93  7:00  Armory  
  93  7:03  Barracks  
  93  7:05  Combat Shield  
  93  7:11  SCV x3, Marine x4  
  93  7:13  Marine  
  93  7:14  Marine  
  102  7:15  Marine  
  102  7:16  Medivac  
  105  7:23  SCV x2, Marine  
  105  7:26  Medivac, Marine  
  105  7:27  SCV  
  105  7:29  Marine x2  
  114  7:35  SCV  
  114  7:36  SCV  
  116  7:37  Refinery  
  116  7:42  SCV  
  117  7:45  Supply Depot x2  
  117  7:46  Supply Depot  
  117  7:56  Medivac, SCV, Marine x4  
  124  8:00  Barracks Tech Lab  
  124  8:04  Orbital Command, SCV  
  125  8:07  Marine  
  126  8:12  Command Center  
  126  8:17  SCV  
Tags
 
Matchup
TvZ
Opening
Pool First
Spawn Locations
Cross Positions
Add a new tag
Caveats
  • Supply blocks, unpowered buildings, or Contaminate may cause inaccurate times.
  • Supply counts are checked every 10 seconds.